[Event "Gibraltar Masters 18th"]
[Site "Gibraltar"]
[Date "2020.01.29"]
[Round "9.15"]
[White "Aryan, Chopra"]
[Black "Donchenko, Alexander"]
[Result "1-0"]
[ECO "B90"]
[WhiteElo "2562"]
[BlackElo "2647"]
[PlyCount "53"]
[EventDate "2020.01.21"]
[EventType "swiss"]
[EventRounds "10"]
[EventCountry "GGB"]
[SourceTitle "BritBase"]
[Source "John Saunders"]
[SourceDate "2021.06.05"]
[SourceVersion "1"]
[SourceVersionDate "2021.06.05"]
[SourceQuality "1"]
[TimeControl "40/100:0"]
[WhiteClock "0:26:16"]
[BlackClock "0:03:06"]

1. e4 c5 2. Nf3 d6 3. d4 cxd4 4. Nxd4 Nf6 5. Nc3 a6 6. Be3 e5 7. Nb3 Be6 8. f3 h5 9. Nd5 Bxd5 10. exd5 Nbd7 11. Qd2 g6 12. O-O-O Nb6 13. Kb1 Nbxd5 14. Bg5 Be7 15. c4 Nb6 16. Na5 O-O 17. h4 d5 18. g4 e4 19. Be2 exf3 20. Bxf3 hxg4 21. Bg2 Qd7 22. cxd5 Rfd8 23. d6 Rac8 24. Qf2 Qa4 25. Nb3 Ne4 26. Qxb6 Rxd6 27. Qxb7 1-0

[Event "Gibraltar Masters 18th"]
[Site "Gibraltar"]
[Date "2020.01.29"]
[Round "9.16"]
[White "Narayanan, SL."]
[Black "Gukesh, Dommaraju"]
[Result "1/2-1/2"]
[ECO "D61"]
[WhiteElo "2637"]
[BlackElo "2542"]
[PlyCount "72"]
[EventDate "2020.01.21"]
[EventType "swiss"]
[EventRounds "10"]
[EventCountry "GGB"]
[SourceTitle "BritBase"]
[Source "John Saunders"]
[SourceDate "2021.06.05"]
[SourceVersion "1"]
[SourceVersionDate "2021.06.05"]
[SourceQuality "1"]
[TimeControl "40/100:0"]
[WhiteClock "0:16:14"]
[BlackClock "0:00:56"]

1. d4 d5 2. c4 e6 3. Nf3 Nf6 4. Nc3 Be7 5. Bg5 O-O 6. e3 Nbd7 7. Qc2 h6 8. Bh4 c5 9. dxc5 Nxc5 10. cxd5 Nxd5 11. Bxe7 Qxe7 12. Nxd5 exd5 13. Be2 Bg4 14. O-O Rac8 15. Rfd1 Rfd8 16. h3 Ne4 17. Qb3 Be6 18. Qa4 Qf6 19. Qd4 Qg6 20. Nh4 Qg5 21. Nf3 Qg6 22. Kf1 Rc2 23. Nh4 Qg5 24. Nf3 Qf5 25. Rac1 Rdc8 26. Rxc2 Rxc2 27. g4 Qg6 28. Qxa7 Rxb2 29. Nd4 Qf6 30. Qb8+ Kh7 31. Qf4 Qh4 32. Kg2 Rxa2 33. Rb1 h5 34. Rf1 Qf6 35. Qxf6 Nxf6 36. gxh5 Rb2 1/2-1/2

[Event "Gibraltar Masters 18th"]
[Site "Gibraltar"]
[Date "2020.01.29"]
[Round "9.17"]
[White "Sanal, Vahap"]
[Black "Deac, Bogdan-Daniel"]
[Result "0-1"]
[ECO "C54"]
[WhiteElo "2569"]
[BlackElo "2626"]
[PlyCount "104"]
[EventDate "2020.01.21"]
[EventType "swiss"]
[EventRounds "10"]
[EventCountry "GGB"]
[SourceTitle "BritBase"]
[Source "John Saunders"]
[SourceDate "2021.06.05"]
[SourceVersion "1"]
[SourceVersionDate "2021.06.05"]
[SourceQuality "1"]
[TimeControl "40/100:0"]
[WhiteClock "0:40:09"]
[BlackClock "0:48:36"]

1. e4 e5 2. Nf3 Nc6 3. Bc4 Bc5 4. c3 Nf6 5. d4 exd4 6. e5 d5 7. Bb5 Ne4 8. cxd4 Bb6 9. Nc3 O-O 10. Be3 Bg4 11. h3 Bh5 12. Qc2 Nxc3 13.
bxc3 f6 14. Bxc6 Bxf3 15. gxf3 bxc6 16. f4 Qe7 17. Qe2 c5 18. Qb5 fxe5 19. fxe5 cxd4 20. Qxd5+ Kh8 21. cxd4 Rad8 22. Qc4 c5 23. d5 Qxe5 24. Rd1 Qh5 25. Qg4 Rxd5 26. Qxh5 Rxh5 27. Rc1 Rh4 28. Bxc5 Re4+ 29. Kf1 Rc8 30. Be3 Rxc1+ 31. Bxc1 Rc4 32. Kg2 Rc2 33. Re1 Rxf2+ 34. Kg3 Kg8 35. a4 Rc2 36. Rf1 Ra2 37. Bf4 Rxa4 38. Bd6 h6 39. h4 Rd4 40. Rf8+ Kh7 41. Be5 Re4 42. Ba1 h5 43. Rf7 Rg4+ 44. Kh3 Kg8 45. Rb7 Bf2 46. Rd7 a5 47. Rd8+ Kh7 48. Rd5 Rxh4+ 49. Kg2 Be1 50. Kf3 Bb4 51. Rg5 g6 52. Rd5 Bc3 0-1

[Event "Gibraltar Masters 18th"]
[Site "Gibraltar"]
[Date "2020.01.29"]
[Round "9.18"]
[White "Durarbayli, Vasif"]
[Black "Werle, Jan"]
[Result "0-1"]
[ECO "E20"]
[WhiteElo "2625"]
[BlackElo "2545"]
[PlyCount "132"]
[EventDate "2020.01.21"]
[EventType "swiss"]
[EventRounds "10"]
[EventCountry "GGB"]
[SourceTitle "BritBase"]
[Source "John Saunders"]
[SourceDate "2021.06.05"]
[SourceVersion "1"]
[SourceVersionDate "2021.06.05"]
[SourceQuality "1"]
[TimeControl "40/100:0"]
[WhiteClock "0:17:04"]
[BlackClock "0:17:58"]

1. d4 Nf6 2. c4 e6 3. Nc3 Bb4 4. f3 c5 5. d5 d6 6. e4 O-O 7. Nge2 Re8 8. Nf4 e5 9. Nfe2 Nbd7 10. g4 b5 11. Ng3 Nb6 12. cxb5 a6 13. Bg5 h6 14. Bd2 c4 15.
bxa6 Nh7 16. h4 Rxa6 17. Qc1 Bd7 18. Be2 Qe7 19. g5 Ra7 20.
gxh6 g6 21. h5 Kh8 22. Be3 Rb7 23. Kf2 Rc8 24. Rb1 Bc5 25. Bxc5 Rxc5 26. hxg6 fxg6 27. Nf1 Rc8 28. Ne3 Ng5 29. Qc2 Nh3+ 30. Ke1 Qg5 31. Kd2 Ra7 32. a3 Rb7 33. a4 Nxa4 34. Nxa4 Bxa4 35. Qxa4 Rxb2+ 36. Rxb2 c3+ 37. Ke1 Qh4+ 38. Kd1 Nf2+ 39. Kc2 cxb2+ 40. Kxb2 Qxh1 41. Bc4 Qxh6 42. Nf1 Nd1+ 43. Qxd1 Rxc4 44. Kb3 Rc7 45. Kb2 Qf8 46. Nd2 Qb8+ 47. Nb3 Qb4 48. Qd2 Qxd2+ 49. Nxd2 Kg7 50. Kb3 Kf6 51. Nc4 Ke7 52. Kc3 Ra7 53. Kd3 Ra4 54. Kc3 Ra6 55. Kd3 Kf6 56. Ke2 Kg5 57. Ke3 Kh4 58. f4 exf4+ 59. Kxf4 g5+ 60. Kf5 g4 61. e5 g3 62. Ne3 Kh3 63. e6 Ra3 64.
Nc4 Ra8 65. Ne3 Rf8+ 66. Ke4 g2 0-1

[Event "Gibraltar Masters 18th"]
[Site "Gibraltar"]
[Date "2020.01.29"]
[Round "9.19"]
[White "Vocaturo, Daniele"]
[Black "Tan, Zhongyi"]
[Result "1/2-1/2"]
[ECO "D56"]
[WhiteElo "2622"]
[BlackElo "2493"]
[PlyCount "133"]
[EventDate "2020.01.21"]
[EventType "swiss"]
[EventRounds "10"]
[EventCountry "GGB"]
[SourceTitle "BritBase"]
[Source "John Saunders"]
[SourceDate "2021.06.05"]
[SourceVersion "1"]
[SourceVersionDate "2021.06.05"]
[SourceQuality "1"]
[TimeControl "40/100:0"]
[WhiteClock "0:13:11"]
[BlackClock "1:31:22"]

1. d4 d5 2. c4 e6 3. Nc3 Be7 4. Nf3 Nf6 5. Bg5 O-O 6. e3 h6 7. Bh4 Ne4 8. Bxe7 Qxe7 9. Rc1 c6 10. g4 Nd7 11. h4 Nxc3 12. Rxc3 e5 13.
cxd5 cxd5 14. g5 e4 15. Nd2 g6 16. f4 h5 17. Be2 Nb6 18.
Nf1 Bd7 19. Ng3 Qb4 20. Qd2 Rac8 21. Rxc8 Qxd2+ 22. Kxd2 Nxc8 23. f5 Nd6 24. f6 Rc8 25. b3 b5 26. Bd1 b4 27. Ne2 Nf5 28. Nf4 Bc6 29. Be2 Bb7 30. Ng2 Kf8 31. Bb5 Nd6 32. Bd7 Rc7 33. Bh3 Nb5 34. Nf4 Ke8 35. Ra1 Na3 36. Rc1 Rxc1 37. Kxc1 Nb5 38. Kd2 Bc6 39. Bf1 Nd6 40. Bh3 Bd7 41. Bg2 Bc6 42. Bh3 a5 43. Ke1 Nb5 44. Kd2 Nc7 45. Kc1 Bd7 46. Bf1 Bg4 47. Kd2 Kd7 48. Ke1 Kd6 49. Kd2 Bd7 50. Kc1 Bf5 51. Kb2 Kc6 52. a4 Kd6 53. Kc1 Ne6 54. Nxe6 Bxe6 55. Kd2 Bd7 56. Ke1 Be6 57. Be2 Bd7 58. Kf2 Be6 59. Bb5 Bd7 60. Be2 Be6 61. Kg3 Bd7 62. Kf4 Be6 63. Bd1 Bd7 64. Be2 Be6 65. Bd1 Bd7 66. Be2 Be6 67. Bd1 1/2-1/2

[Event "Gibraltar Masters 18th"]
[Site "Gibraltar"]
[Date "2020.01.29"]
[Round "9.20"]
[White "Karthikeyan, Murali"]
[Black "Abdumalik, Zhansaya"]
[Result "1-0"]
[ECO "C88"]
[WhiteElo "2606"]
[BlackElo "2471"]
[PlyCount "147"]
[EventDate "2020.01.21"]
[EventType "swiss"]
[EventRounds "10"]
[EventCountry "GGB"]
[SourceTitle "BritBase"]
[Source "John Saunders"]
[SourceDate "2021.06.05"]
[SourceVersion "1"]
[SourceVersionDate "2021.06.05"]
[SourceQuality "1"]
[TimeControl "40/100:0"]
[WhiteClock "0:09:38"]
[BlackClock "0:00:58"]

1. e4 e5 2. Nf3 Nc6 3. Bb5 a6 4. Ba4 Nf6 5. O-O Be7 6. Re1 b5 7. Bb3 O-O 8. h3 Bb7 9. d3 d6 10. a3 Na5 11. Ba2 c5 12. Nc3 Nc6 13.
Bd2 Rc8 14. Nd5 Nxd5 15. Bxd5 Qd7 16. c3 Bf6 17. Nh2 Kh8 18.
Qg4 Qc7 19. Qg3 Ne7 20. Bxb7 Qxb7 21. Ng4 Ng8 22. Rad1 Rfe8 23. Kh1 Qe7 24. Ne3 Qe6 25. Nd5 Ne7 26. Nxf6 Qxf6 27. f4 exf4 28. Bxf4 d5 29. Be5 Qg6 30. Bd6 Qxg3 31. Bxg3 Red8 32. exd5 Nxd5 33. c4 Nf6 34. b3 Rd7 35. Re5 h6 36. Bh4 Kh7 37. Bxf6 gxf6 38. Rf5 Kg6 39. Rf3 bxc4 40. bxc4 Rb8 41. Rdf1 Rd6 42. Rg3+ Kh7 43. Rf4 Rg8 44. Rxg8 Kxg8 45. Rf3 Kg7 46. Kg1 Kg6 47. Kf2 Rb6 48. Ke3 Re6+ 49. Kd2 f5 50. Rg3+ Kf6 51. Rg8 Ke5 52. Rc8 Rg6 53. Rxc5+ Kf4 54. Rc7 Rxg2+ 55. Kc3 f6 56. c5 Rg1 57. Kd4 Rc1 58. Rf7 Kg3 59. Rxf6 f4 60. Rg6+ Kxh3 61. Rxh6+ Kg3 62. Rg6+ Kf2 63. Rxa6 f3 64. a4 Ra1 65. Ra8 Ke2 66. Re8+ Kd2 67. Rf8 Rxa4+ 68. Ke5 Ke3 69. c6 Ra5+ 70. Kd6 Ra3 71. d4 Rd3 72. d5 Ke4 73. Re8+ Kd4 74. c7 1-0

[Event "Gibraltar Masters 18th"]
[Site "Gibraltar"]
[Date "2020.01.29"]
[Round "9.21"]
[White "Lagarde, Maxime"]
[Black "Lei, Tingjie"]
[Result "1/2-1/2"]
[ECO "C43"]
[WhiteElo "2651"]
[BlackElo "2493"]
[PlyCount "145"]
[EventDate "2020.01.21"]
[EventType "swiss"]
[EventRounds "10"]
[EventCountry "GGB"]
[SourceTitle "BritBase"]
[Source "John Saunders"]
[SourceDate "2021.06.05"]
[SourceVersion "1"]
[SourceVersionDate "2021.06.05"]
[SourceQuality "1"]
[TimeControl "40/100:0"]
[WhiteClock "0:19:56"]
[BlackClock "0:02:46"]

1. e4 e5 2. Nf3 Nf6 3. d4 Nxe4 4. Bd3 Nc6 5. d5 Nf6 6. Nc3 Nb4 7. Nxe5 Nxd3+ 8. Qxd3 Be7 9. h3 O-O 10. Be3 d6 11. Nf3 c6 12. O-O Bd7 13. Rfe1 Re8 14. a4 h6 15. Bf4 Nxd5 16. Nxd5 cxd5 17. Nd4 Bf6 18. Be3 Rc8 19. c3 a6 20. Nc2 Re5 21. Nb4 Be6 22. Bd4 Rxe1+ 23. Rxe1 Bxd4 24. Qxd4 Rc4 25. Qd3 Qa5 26. Nc2 Rxa4 27. Qg3 Re4 28.
Rxe4 dxe4 29. Qxd6 Qd5 30. Qb8+ Kh7 31. Nd4 Bd7 32. Qf4 a5 33. Kh2 b5 34. Nc2 Qe6 35. Nd4 Qd5 36. Nc2 f6 37. Ne3 Qe6 38. Qc7 a4 39. g4 h5 40. Kg2 hxg4 41. hxg4 Kg8 42. Kf1 Kf7 43. Ke1 Qc6 44. Qa7 Kg6 45. Qd4 Be6 46. Kf1 Kg5 47. Qa7 g6 48. Ng2 Kxg4 49. Qh7 Bc4+ 50. Ke1 Kf5 51. Nh4+ Ke6 52. Nxg6 Qd6 53. Qg7 e3 54. Nf8+ Kd5 55. fxe3 Kc6 56. Nh7 Qd3 57. Qxf6+ Kb7 58. Qe7+ Ka6 59. Kf2 Qe2+ 60. Kg3 Qxb2 61. Qd6+ Kb7 62. Qd7+ Kb6 63. Qd4+ Ka6 64. Nf6 Qb1 65. Qd6+ Kb7 66. Qd7+ Kb6 67. Qd8+ Kb7 68. Qe7+ Ka6 69. Kf4 Qf1+ 70. Ke5 Qd3 71. Kf4 Qf1+ 72. Ke5 Qd3 73. Kf4 1/2-1/2

[Event "Gibraltar Masters 18th"]
[Site "Gibraltar"]
[Date "2020.01.29"]
[Round "9.22"]
[White "Flom, Gabriel"]
[Black "Sasikiran, Krishnan"]
[Result "0-1"]
[ECO "D10"]
[WhiteElo "2510"]
[BlackElo "2648"]
[PlyCount "80"]
[EventDate "2020.01.21"]
[EventType "swiss"]
[EventRounds "10"]
[EventCountry "GGB"]
[SourceTitle "BritBase"]
[Source "John Saunders"]
[SourceDate "2021.06.05"]
[SourceVersion "1"]
[SourceVersionDate "2021.06.05"]
[SourceQuality "1"]
[TimeControl "40/100:0"]
[WhiteClock "0:45:45"]
[BlackClock "0:04:12"]

1. d4 d5 2. c4 c6 3. Nc3 Nf6 4. cxd5 cxd5 5. Bf4 Nc6 6. e3 Bf5 7. Qb3 Na5 8. Qa4+ Bd7 9. Bb5 Nc6 10. Nf3 a6 11. Bxc6 Bxc6 12. Qb3 Nh5 13. Ne5 Nxf4 14. exf4 e6 15. O-O Bd6 16. Na4 O-O 17. Rac1 Bb5 18. Rfe1 Qa5 19. Nc5 Bxc5 20. dxc5 Rac8 21. Qc3 Qxc3 22. Rxc3 Rfd8 23. Rd1 d4 24. Rcc1 Rd5 25. b4 d3 26. Nf3 h6 27. h4 f6 28. Rd2 b6 29. Rc3 bxc5 30. bxc5 Rcxc5 31. Rxc5 Rxc5 32. Nd4 Rc1+ 33. Kh2 Bc4 34. Kg3 a5 35. Kf3 a4 36. f5 e5 37. Ne6 a3 38. Ke3 Re1+ 39. Kf3 Re2 40. Rd1 Rxa2 0-1

[Event "Gibraltar Masters 18th"]
[Site "Gibraltar"]
[Date "2020.01.29"]
[Round "9.23"]
[White "Moussard, Jules"]
[Black "Henderson De La Fuente, Lance"]
[Result "1-0"]
[ECO "C15"]
[WhiteElo "2600"]
[BlackElo "2492"]
[PlyCount "129"]
[EventDate "2020.01.21"]
[EventType "swiss"]
[EventRounds "10"]
[EventCountry "GGB"]
[SourceTitle "BritBase"]
[Source "John Saunders"]
[SourceDate "2021.06.05"]
[SourceVersion "1"]
[SourceVersionDate "2021.06.05"]
[SourceQuality "1"]
[TimeControl "40/100:0"]
[WhiteClock "0:04:24"]
[BlackClock "0:18:22"]

1. e4 e6 2. d4 d5 3. Nc3 Bb4 4. Nge2 Nf6 5. exd5 exd5 6. a3 Be7 7. Ng3 O-O 8. Bd3 Bg4 9. Nce2 Bxe2 10. Bxe2 Re8 11. O-O g6 12. Bd3 Nbd7 13. c3 c6 14. Bf4 Nf8 15. Qd2 Bd6 16. Bxd6 Qxd6 17. f4 h6 18. h4 h5 19. Rae1 c5 20. Be2 cxd4 21. Qxd4 Ne4 22. Nxe4 Rxe4 23. Qf2 Rae8 24. Bf3 Rxe1 25. Rxe1 Rxe1+ 26. Qxe1 d4 27. g3 dxc3 28. Qxc3 b6 29. Kf2 a5 30. Ke3 Ne6 31. Qe5 Qxe5+ 32. fxe5 Kf8 33. Bd5 Nc7 34. Bc4 Ke7 35. Kd4 Kf8 36. Ke4 Ke7 37. Kd4 Kf8 38. e6 f6 39. Bd3 g5 40. Bg6 gxh4 41. gxh4 Nxe6+ 42. Kc4 Nc7 43. Bxh5 Kg7 44. Kd4 Ne6+ 45. Kc4 Nc7 46. Bf3 f5 47. Kd4 Kf6 48. h5 Ne6+ 49. Kd5 b5 50. b3 f4 51. Bg4 Ng5 52. Kd4 Nf7 53.
Be2 b4 54. a4 Ng5 55. Bg4 Kg7 56. Kc4 Ne4 57. Kb5 Nd2 58. Kxa5 Nxb3+ 59. Kxb4 Nd4 60. Kc4 Nc6 61. Kd5 Na5 62. Ke4 Kh6 63. Kxf4 Nb3 64. Bf3 Na5 65. Ke5 1-0

[Event "Gibraltar Masters 18th"]
[Site "Gibraltar"]
[Date "2020.01.29"]
[Round "9.24"]
[White "Raja, Harshit"]
[Black "Vaibhav, Suri"]
[Result "0-1"]
[ECO "E04"]
[WhiteElo "2482"]
[BlackElo "2593"]
[PlyCount "64"]
[EventDate "2020.01.21"]
[EventType "swiss"]
[EventRounds "10"]
[EventCountry "GGB"]
[SourceTitle "BritBase"]
[Source "John Saunders"]
[SourceDate "2021.06.05"]
[SourceVersion "1"]
[SourceVersionDate "2021.06.05"]
[SourceQuality "1"]
[TimeControl "40/100:0"]
[WhiteClock "0:00:57"]
[BlackClock "0:04:19"]

1. d4 Nf6 2. c4 e6 3. g3 d5 4. Nf3 dxc4 5. Bg2 c5 6. O-O Nc6 7. dxc5 Qxd1 8.
Rxd1 Bxc5 9. Nbd2 c3 10. bxc3 O-O 11. Nb3 Be7 12. Nfd4 Bd7 13. Nb5 Rac8 14. Be3 b6 15. c4 Nb4 16. Bg5 Rfd8 17. Nd6 Bxd6 18. Rxd6 Ba4 19. Rxd8+ Rxd8 20. c5 Nxa2 21. Rxa2 Bxb3 22. Rb2 Bc4 23. Rc2 b5 24. Bb7 Rd1+ 25. Kg2 Ne8 26. e4 a5 27. Bd2 a4 28.
Bc6 Nc7 29. Bb4 Na6 30. Rb2 g5 31. Bxb5 Bxb5 32. Bc3 Bf1+ 0-1

[Event "Gibraltar Masters 18th"]
[Site "Gibraltar"]
[Date "2020.01.29"]
[Round "9.25"]
[White "Gagare, Shardul"]
[Black "Kryakvin, Dmitry"]
[Result "1/2-1/2"]
[ECO "B40"]
[WhiteElo "2481"]
[BlackElo "2592"]
[PlyCount "51"]
[EventDate "2020.01.21"]
[EventType "swiss"]
[EventRounds "10"]
[EventCountry "GGB"]
[SourceTitle "BritBase"]
[Source "John Saunders"]
[SourceDate "2021.06.05"]
[SourceVersion "1"]
[SourceVersionDate "2021.06.05"]
[SourceQuality "1"]
[TimeControl "40/100:0"]
[WhiteClock "0:20:48"]
[BlackClock "0:23:15"]

1. e4 c5 2. Nf3 e6 3. g3 Nc6 4. Bg2 Nf6 5. Qe2 e5 6. O-O Be7 7. d3 O-O 8.
Nbd2 Re8 9. Nc4 d6 10. Ne3 Bf8 11. c3 g6 12. a3 Bg7 13. b4 h6 14. Rb1 Rb8 15. Bb2 b5 16. Rfd1 Bb7 17. a4 bxa4 18. bxc5 dxc5 19. Qc2 Na5 20. Qxa4 Bc6 21. Qa2 Bd7 22. Nd2 Be6 23. Qa4 Bd7 24. Qa2 Be6 25. Qa4 Bd7 26. Qa2 1/2-1/2

[Event "Gibraltar Masters 18th"]
[Site "Gibraltar"]
[Date "2020.01.29"]
[Round "9.26"]
[White "Stefanova, Antoaneta"]
[Black "Idani, Pouya"]
[Result "0-1"]
[ECO "B53"]
[WhiteElo "2469"]
[BlackElo "2577"]
[PlyCount "84"]
[EventDate "2020.01.21"]
[EventType "swiss"]
[EventRounds "10"]
[EventCountry "GGB"]
[SourceTitle "BritBase"]
[Source "John Saunders"]
[SourceDate "2021.06.05"]
[SourceVersion "1"]
[SourceVersionDate "2021.06.05"]
[SourceQuality "1"]
[TimeControl "40/100:0"]
[WhiteClock "0:47:51"]
[BlackClock "0:58:42"]

1. e4 c5 2. Nf3 d6 3. d4 cxd4 4. Qxd4 Nf6 5. c4 Nc6 6. Qe3 Bg4 7. Be2 g6 8. O-O Bxf3 9. Bxf3 Bg7 10. Rd1 Qa5 11. Nc3 O-O 12. Be2 Nd7 13.
Bd2 Nd4 14. Qh3 Ne5 15. Bf1 Nec6 16. Nd5 Qd8 17. Bg5 Ne6 18. Bh6 Bxb2 19. Rab1 Bg7 20. Rxb7 Nc5 21. Bxg7 Kxg7 22. Qc3+ e5 23. Rc7 Rc8 24. Rxc8 Qxc8 25. Qf3 Qd8 26. g3 Nd4 27. Qe3 Qd7 28. f4 f6 29. Nc3 a6 30. Rb1 Qa7 31. Bh3 Rb8 32. Rf1 Rb2 33.
Kh1 Qb7 34. Bg2 Nce6 35. h4 Nf5 36. Qe1 Ned4 37. Nd5 Re2 38.
Qc3 Rc2 39. exf5 Rxc3 40. fxe5 Rxg3 41. exf6+ Kf7 42. fxg6+ hxg6 0-1

[Event "Gibraltar Masters 18th"]
[Site "Gibraltar"]
[Date "2020.01.29"]
[Round "9.27"]
[White "Peralta, Fernando"]
[Black "Buckels, Valentin"]
[Result "1-0"]
[ECO "E44"]
[WhiteElo "2574"]
[BlackElo "2459"]
[PlyCount "133"]
[EventDate "2020.01.21"]
[EventType "swiss"]
[EventRounds "10"]
[EventCountry "GGB"]
[SourceTitle "BritBase"]
[Source "John Saunders"]
[SourceDate "2021.06.05"]
[SourceVersion "1"]
[SourceVersionDate "2021.06.05"]
[SourceQuality "1"]
[TimeControl "40/100:0"]
[WhiteClock "0:04:56"]
[BlackClock "0:01:24"]

1. d4 Nf6 2. c4 e6 3. Nc3 Bb4 4. e3 b6 5. Nge2 Ne4 6. Bd2 Nxd2 7. Qxd2 O-O 8.
a3 Be7 9. g3 Ba6 10. b3 Nc6 11. Bg2 Na5 12. Qc2 c6 13. c5 bxc5 14. dxc5 f5 15. O-O Bf6 16. Rfe1 Rb8 17. b4 Nc4 18. Red1 Ne5 19. Rab1 Qe8 20. Nd4 Qh5 21. b5 cxb5 22. Ncxb5 Bb7 23. c6 dxc6 24. Nd6 c5 25. Qxc5 Bxg2 26. Kxg2 Rb2 27. Rxb2 Qxd1 28. Qc2 Qxc2 29. Rxc2 Be7 30. N6b5 a6 31. Nc7 Rc8 32. a4 Nd3 33. Rc3 Nb2 34. Rb3 Rxc7 35. Rxb2 Bf6 36. Nxe6 Rc4 37. Rb6 a5 38. Rb5 Rxa4 39. Rxf5 Ra1 40. g4 h6 41. f4 Ra2+ 42. Kf3 Kf7 43. Nc7 Rc2 44. Nd5 Rxh2 45. g5 hxg5 46. fxg5 Rh5 47. Nxf6 gxf6 48. Rxf6+ Ke7 49. Kg4 Rh1 50. Ra6 Ra1 51. Kf5 a4 52. Ra7+ Kd6 53. g6 a3 54. g7 Rf1+ 55. Kg6 Rg1+ 56. Kf7 Rf1+ 57. Ke8 Rg1 58. Kf8 Rf1+ 59. Kg8 Ra1 60. Kh7 Rh1+ 61. Kg8 Ra1 62. Ra6+ Ke7 63. Rh6 a2 64. Rh2 Ke8 65. Kh7 Rg1 66. Rxa2 Rh1+ 67. Kg6 1-0

[Event "Gibraltar Masters 18th"]
[Site "Gibraltar"]
[Date "2020.01.29"]
[Round "9.28"]
[White "Song, Raymond"]
[Black "Ramirez, Alejandro"]
[Result "1/2-1/2"]
[ECO "B31"]
[WhiteElo "2478"]
[BlackElo "2574"]
[PlyCount "60"]
[EventDate "2020.01.21"]
[EventType "swiss"]
[EventRounds "10"]
[EventCountry "GGB"]
[SourceTitle "BritBase"]
[Source "John Saunders"]
[SourceDate "2021.06.05"]
[SourceVersion "1"]
[SourceVersionDate "2021.06.05"]
[SourceQuality "1"]
[TimeControl "40/100:0"]
[WhiteClock "1:15:52"]
[BlackClock "1:12:59"]

1. e4 c5 2. Nf3 Nc6 3. Bb5 g6 4. Bxc6 dxc6 5. d3 Bg7 6. h3 Qc7 7. O-O e5 8. Be3 b6 9. Qd2 Nf6 10. Bh6 O-O 11. Nc3 Nh5 12. Ne2 f6 13.
Bxg7 Nxg7 14. Nh2 Be6 15. f4 f5 16. exf5 Nxf5 17. Ng4 exf4 18. Nxf4 Rae8 19. Rae1 Qd6 20. Nxe6 Rxe6 21. Nh6+ Nxh6 22. Rxf8+ Kxf8 23. Qxh6+ Kg8 24. Rxe6 Qxe6 25. Qf4 Qxa2 26.
Qb8+ Kg7 27. Qc7+ Kg8 28. Qb8+ Kg7 29. Qc7+ Kg8 30. Qb8+ Kg7 1/2-1/2

[Event "Gibraltar Masters 18th"]
[Site "Gibraltar"]
[Date "2020.01.29"]
[Round "9.29"]
[White "Studer, Noel"]
[Black "Khotenashvili, Bela"]
[Result "1-0"]
[ECO "C45"]
[WhiteElo "2546"]
[BlackElo "2446"]
[PlyCount "79"]
[EventDate "2020.01.21"]
[EventType "swiss"]
[EventRounds "10"]
[EventCountry "GGB"]
[SourceTitle "BritBase"]
[Source "John Saunders"]
[SourceDate "2021.06.05"]
[SourceVersion "1"]
[SourceVersionDate "2021.06.05"]
[SourceQuality "1"]
[TimeControl "40/100:0"]
[WhiteClock "0:08:55"]
[BlackClock "0:00:39"]

1. e4 e5 2. Nf3 Nc6 3. d4 exd4 4. Nxd4 Nf6 5. Nxc6 bxc6 6.
e5 Qe7 7. Qe2 Nd5 8. h4 Qe6 9. Nd2 a5 10. c4 Nb6 11. Nf3 Bb4+ 12. Bd2 d5 13.
exd6 Bxd2+ 14. Kxd2 cxd6 15. Nd4 Qxe2+ 16. Bxe2 Bd7 17. Rac1 c5 18. Nb5 Bxb5 19. cxb5 Ke7 20. Bf3 Ra7 21. Rh3 h5 22. Rg3 Kf8 23. Rg5 Re7 24. b3 g6 25. Bc6 Re6 26. Rc3 Rh7 27. Rcg3 Rf6 28.
Ke1 Re6+ 29. Kd1 Rh8 30. f4 Rf6 31. Rf3 Rf5 32. Rxf5 gxf5 33. Re3 Kg7 34. Re7 Rb8 35. Ra7 c4 36. Kc2 cxb3+ 37. Kxb3 d5 38. Rxa5 d4 39. Kc2 Kf6 40. Kd3 1-0

[Event "Gibraltar Masters 18th"]
[Site "Gibraltar"]
[Date "2020.01.29"]
[Round "9.30"]
[White "Panjwani, Raja"]
[Black "Muzychuk, Anna"]
[Result "1-0"]
[ECO "A33"]
[WhiteElo "2444"]
[BlackElo "2539"]
[PlyCount "73"]
[EventDate "2020.01.21"]
[EventType "swiss"]
[EventRounds "10"]
[EventCountry "GGB"]
[SourceTitle "BritBase"]
[Source "John Saunders"]
[SourceDate "2021.06.05"]
[SourceVersion "1"]
[SourceVersionDate "2021.06.05"]
[SourceQuality "1"]
[TimeControl "40/100:0"]
[WhiteClock "0:07:54"]
[BlackClock "0:24:55"]

1. Nf3 c5 2. c4 Nc6 3. d4 cxd4 4. Nxd4 Nf6 5. Nc3 e6 6. a3 Bc5 7. Nb3 Bb6 8. c5 Bc7 9. g3 O-O 10. Bg2 b6 11. O-O Be5 12. a4 Rb8 13.
Be3 Ng4 14. Bd2 bxc5 15. Nxc5 Rxb2 16. Nd3 Rb8 17. Bxc6 Bxc3 18. Bxc3 dxc6 19. h3 Nf6 20. Be5 Ra8 21. Qc2 Qe7 22. Rfd1 Rd8 23. Qc5 Qe8 24. Bxf6 gxf6 25. Nf4 Ba6 26. Nh5 Kh8 27. Nxf6 Qf8 28. Qe5 h6 29. Ne8+ f6 30. Nxf6 Qg7 31. Rxd8+ Rxd8 32. Rb1 Qg5 33. Qxe6 Qg6 34. Rb4 Bxe2 35. Qe7 Rc8 36. Rb7 Bd3 37. Qe5 1-0

[Event "Gibraltar Masters 18th"]
[Site "Gibraltar"]
[Date "2020.01.29"]
[Round "9.31"]
[White "Krishna, C R G."]
[Black "Baron, Tal"]
[Result "0-1"]
[ECO "E04"]
[WhiteElo "2436"]
[BlackElo "2529"]
[PlyCount "113"]
[EventDate "2020.01.21"]
[EventType "swiss"]
[EventRounds "10"]
[EventCountry "GGB"]
[SourceTitle "BritBase"]
[Source "John Saunders"]
[SourceDate "2021.06.05"]
[SourceVersion "1"]
[SourceVersionDate "2021.06.05"]
[SourceQuality "1"]
[TimeControl "40/100:0"]
[WhiteClock "0:44:56"]
[BlackClock "0:53:55"]

1. d4 d5 2. c4 e6 3. Nf3 Nf6 4. g3 dxc4 5. Bg2 a6 6. O-O Nc6 7. e3 Rb8 8. Qe2 b5 9. b3 cxb3 10. axb3 Bd6 11. Bd2 O-O 12. Rc1 Bb7 13. Ne1 Nd5 14. Nd3 Nde7 15. Bc3 f6 16. Nd2 e5 17. dxe5 fxe5 18. Ne4 Nd5 19. Bb2 Ndb4 20. Nec5 Nxd3 21. Nxd3 Qd7 22. Nc5 Bxc5 23. Rxc5 Rf6 24. Bd5+ Kh8 25. Be4 Rbf8 26. f4 Re6 27. fxe5 Nd8 28. Bxb7 Nxb7 29. Rc2 Rd8 30. b4 h6 31. Bd4 Rc8 32. Rd1 Nd8 33. Bc5 Qe8 34. Bd4 Nc6 35. Rdc1 Qg6 36. Qf3 Nxe5 37. Bxe5 Rxe5 38. Rc6 Qg5 39. Rxc7 Rxc7 40. Rxc7 Qxe3+ 41. Qxe3 Rxe3 42. Rc6 Ra3 43. Kg2 Ra2+ 44. Kg1 h5 45. h4 Kh7 46. Kf1 g6 47. Kg1 Kg7 48. Kf1 Kf7 49. Kg1 Ra4 50. Kg2 Rxb4 51. Rxa6 Rg4 52. Rd6 Ke7 53. Rd5 b4 54. Kf3 Ke6 55. Rd8 Ke5 56. Rd7 Rc4 57. Rb7 0-1

[Event "Gibraltar Masters 18th"]
[Site "Gibraltar"]
[Date "2020.01.29"]
[Round "9.33"]
[White "Sadhwani, Raunak"]
[Black "Wemmers, Xander"]
[Result "1-0"]
[ECO "A29"]
[WhiteElo "2522"]
[BlackElo "2380"]
[PlyCount "79"]
[EventDate "2020.01.21"]
[EventType "swiss"]
[EventRounds "10"]
[EventCountry "GGB"]
[SourceTitle "BritBase"]
[Source "John Saunders"]
[SourceDate "2021.06.05"]
[SourceVersion "1"]
[SourceVersionDate "2021.06.05"]
[SourceQuality "1"]
[TimeControl "40/100:0"]

1. c4 e5 2. Nc3 Nf6 3. Nf3 Nc6 4. d3 h6 5. g3 Bc5 6. Bg2 d6 7. O-O O-O 8. Bd2 a6 9. a3 Re8 10. b4 Bb6 11. Rc1 Nd4 12. Nxd4 Bxd4 13. e3 Ba7 14. Nd5 Nxd5 15. cxd5 Bd7 16. Qb3 Rc8 17. Kh1 c5 18. dxc6 bxc6 19. f4 exf4 20. Rxf4 d5 21. d4 Bb8 22. Rf2 h5 23. e4 Be6 24. e5 Ba7 25. Qd3 Qd7 26. Be3 Qb7 27. Bf3 Qb5 28.
Qd2 a5 29. Bg5 Bf5 30. Bxh5 Be4+ 31. Kg1 Bg6 32. Bxg6 fxg6 33. bxa5 c5 34. Rcf1 Rf8 35. e6 cxd4 36. e7 Rf5 37. g4 Rxg5 38. Rf8+ Kh7 39. Qxg5 d3+ 40. Kh1 1-0